HS
AMERICAN HERITAGE HS PATRIOTS @ CULLMAN HS CAVALIERS
03/10/2060
 
TOP OF THE 1ST
American Heritage HS Patriots batting - Pitching for Cullman HS Cavaliers : LHP Malachi Franklin
Pitching: LHP Malachi Franklin
Batting: RHB Avery Pelham 0-0: Ball
1-0: Ball
2-0: Fly out, F9 (Flyball, 89S, EV 87.5 MPH)
Batting: RHB Colton Corbett 0-0: Foul Ball, location: 2F
0-1: Fly out, F8 (Flyball, 8RM, EV 86.2 MPH)
Batting: LHB Seth Riddle 0-0: Called Strike
0-1: Ball
1-1: Swinging Strike
1-2: Strikes out swinging
Top of the 1st over - 0 runs, 0 hits, 0 errors, 0 left on base; American Heritage HS 0 - Cullman HS 0
BOTTOM OF THE 1ST
Cullman HS Cavaliers batting - Pitching for American Heritage HS Patriots : RHP ShawnDre' Salome
Pitching: RHP ShawnDre' Salome
Batting: LHB Clark Norrell 0-0: Called Strike
0-1: Ball
1-1: Ball
2-1: Ground out 6-3 (Groundball, 6MS, EV 72.5 MPH)
Batting: LHB Chris Johnson 0-0: Foul Ball, location: 2F
0-1: Ball
1-1: Hit by Pitch
Batting: SHB Joe Harkins 0-0: Called Strike
0-1: Ball
1-1: Called Strike
1-2: Grounds into double play, 4-6-3 (Groundball, 4, EV 85.6 MPH)
Bottom of the 1st over - 0 runs, 0 hits, 0 errors, 0 left on base; American Heritage HS 0 - Cullman HS 0
TOP OF THE 2ND
American Heritage HS Patriots batting - Pitching for Cullman HS Cavaliers : LHP Malachi Franklin
Batting: RHB Randy Connor 0-0: Called Strike
0-1: SINGLE (Groundball, 56D, EV 104.4 MPH) (infield hit)
Batting: RHB Geoffrey Martinez 0-0: Ball
1-0: Ball
2-0: Ball
3-0: Called Strike
3-1: Foul Ball, location: 2F
3-2: Fly out, F8 (Flyball, 8LD, EV 94.4 MPH)
Batting: LHB Drew Kelly 0-0: Ball
1-0: Fly out, F8 (Flyball, 8RXD, EV 103.8 MPH)
Batting: LHB Bradley Rossi 0-0: Called Strike
Randy Connor is caught stealing 2nd base 2-6
Top of the 2nd over - 0 runs, 1 hit, 0 errors, 0 left on base; American Heritage HS 0 - Cullman HS 0
BOTTOM OF THE 2ND
Cullman HS Cavaliers batting - Pitching for American Heritage HS Patriots : RHP ShawnDre' Salome
Batting: RHB Donovan Canziani 0-0: Ball
1-0: Foul Ball, location: 2F
1-1: Fly out, F4 (Flyball, 34D, EV 92.5 MPH)
Batting: RHB Trevor Trock 0-0: Ball
1-0: Ground out 6-3 (Groundball, 6, EV 102.5 MPH)
Batting: RHB Randall Huerta 0-0: Swinging Strike
0-1: Foul Ball, location: 2F
0-2: Fly out, F7 (Flyball, 7D, EV 96.2 MPH)
Bottom of the 2nd over - 0 runs, 0 hits, 0 errors, 0 left on base; American Heritage HS 0 - Cullman HS 0
TOP OF THE 3RD
American Heritage HS Patriots batting - Pitching for Cullman HS Cavaliers : LHP Malachi Franklin
Batting: LHB Bradley Rossi 0-0: SINGLE (Line Drive, 9S, EV 86.9 MPH)
Batting: RHB Seth Cole 0-0: Called Strike
0-1: Swinging Strike
0-2: Fly out, F7 (Flyball, 78M, EV 77.5 MPH)
Batting: RHB Jeremy Lentz 0-0: Called Strike
0-1: Foul Ball, location: 2F
0-2: Grounds into double play, 6-4-3 (Groundball, 6M, EV 86.9 MPH)
Top of the 3rd over - 0 runs, 1 hit, 0 errors, 0 left on base; American Heritage HS 0 - Cullman HS 0
BOTTOM OF THE 3RD
Cullman HS Cavaliers batting - Pitching for American Heritage HS Patriots : RHP ShawnDre' Salome
Batting: LHB Gregg Smith 0-0: Ball
1-0: Ball
2-0: Ball
3-0: Called Strike
3-1: DOUBLE (Flyball, 89XD, EV 113.1 MPH)
Batting: RHB Joel Sullivan 0-0: SINGLE (Flyball, 7LS, EV 92.5 MPH)
Gregg Smith to third
Runner from 3rd tries for Home, throw by LF and OUT! 7-2
Batting: RHB Ricky Potthoff 0-0: Foul Ball, location: 2F
0-1: Ball
1-1: Ball
Wild Pitch!
Joel Sullivan to second
2-1: Swinging Strike
2-2: Ball
3-2: Base on Balls
Batting: LHB Clark Norrell 0-0: Ball
1-0: Called Strike
1-1: Ball
2-1: Swinging Strike
2-2: Ball
3-2: Strikes out swinging
Batting: LHB Chris Johnson 0-0: Fly out, F5 (Popup, 56, EV 82.5 MPH)
Bottom of the 3rd over - 0 runs, 2 hits, 0 errors, 2 left on base; American Heritage HS 0 - Cullman HS 0
TOP OF THE 4TH
American Heritage HS Patriots batting - Pitching for Cullman HS Cavaliers : LHP Malachi Franklin
Batting: RHB Avery Pelham 0-0: Called Strike
0-1: Foul Ball, location: 2F
0-2: Ball
1-2: SINGLE (Groundball, 6MD, EV 96.2 MPH)
Batting: RHB Colton Corbett 0-0: Ball
1-0: Ball
2-0: Ball
3-0: Called Strike
3-1: Fielders Choice at 2nd, 4-6 (Groundball, 4, EV 89.4 MPH)
Batting: LHB Seth Riddle 0-0: 2-RUN HOME RUN (Flyball, 89XD, EV 111.9 MPH), Distance : 433 ft
Batting: RHB Randy Connor 0-0: Ball
1-0: Foul Ball, location: 2F
1-1: Called Strike
1-2: Strikes out swinging
Batting: RHB Geoffrey Martinez 0-0: Called Strike
0-1: Swinging Strike
0-2: SINGLE (Groundball, 3D, EV 98.1 MPH)
Batting: LHB Drew Kelly 0-0: Ball
1-0: Called Strike
1-1: Fly out, F4 (Popup, 4S, EV 85.6 MPH)
Top of the 4th over - 2 runs, 3 hits, 0 errors, 1 left on base; American Heritage HS 2 - Cullman HS 0
BOTTOM OF THE 4TH
Cullman HS Cavaliers batting - Pitching for American Heritage HS Patriots : RHP ShawnDre' Salome
Batting: SHB Joe Harkins 0-0: Called Strike
0-1: Swinging Strike
0-2: Ball
1-2: Foul Ball, location: 2F
1-2: Ball
2-2: Ground out 6-3 (Groundball, 4MD, EV 104.4 MPH)
Batting: RHB Donovan Canziani 0-0: Called Strike
0-1: Ball
1-1: Fly out, F8 (Flyball, 8LS, EV 89.4 MPH)
Batting: RHB Trevor Trock 0-0: Ball
1-0: Reached on error, E2 (Groundball, 15S, EV 66.9 MPH)
Batting: RHB Randall Huerta 0-0: Ball
1-0: Ground out 4-3 (Groundball, 4, EV 92.5 MPH)
Bottom of the 4th over - 0 runs, 0 hits, 1 error, 1 left on base; American Heritage HS 2 - Cullman HS 0
TOP OF THE 5TH
American Heritage HS Patriots batting - Pitching for Cullman HS Cavaliers : LHP Malachi Franklin
Batting: LHB Bradley Rossi 0-0: Called Strike
0-1: Ball
1-1: Foul Ball, location: 2F
1-2: Strikes out swinging
Batting: RHB Seth Cole 0-0: Ball
1-0: Foul Ball, location: 2F
1-1: Called Strike
1-2: Ball
2-2: Foul Ball, location: 2F
2-2: Strikes out swinging
Batting: RHB Jeremy Lentz 0-0: Ball
1-0: Ball
2-0: Ball
3-0: Base on Balls
Batting: RHB Avery Pelham 0-0: Ball
1-0: Fly out, F8 (Flyball, 89M, EV 90.0 MPH)
Top of the 5th over - 0 runs, 0 hits, 0 errors, 1 left on base; American Heritage HS 2 - Cullman HS 0
BOTTOM OF THE 5TH
Cullman HS Cavaliers batting - Pitching for American Heritage HS Patriots : RHP ShawnDre' Salome
Batting: LHB Gregg Smith 0-0: Foul Ball, location: 2F
0-1: Fly out, F9 (Flyball, 89M, EV 83.8 MPH)
Batting: RHB Joel Sullivan 0-0: Ball
1-0: Ball
2-0: Fly out, F7 (Flyball, 7, EV 86.9 MPH)
Batting: RHB Ricky Potthoff 0-0: Reached on error, E5 (Groundball, 56D, EV 78.1 MPH)
Batting: LHB Clark Norrell 0-0: Ball
1-0: Foul Ball, location: 2F
1-1: Foul Ball, location: 2F
1-2: Foul Ball, location: 2F
1-2: Fly out, F5 (Popup, 5, EV 68.1 MPH)
Bottom of the 5th over - 0 runs, 0 hits, 1 error, 1 left on base; American Heritage HS 2 - Cullman HS 0
TOP OF THE 6TH
American Heritage HS Patriots batting - Pitching for Cullman HS Cavaliers : LHP Malachi Franklin
Batting: RHB Colton Corbett 0-0: Ball
1-0: Ball
2-0: Called Strike
2-1: Foul Ball, location: 2F
2-2: Foul Ball, location: 2F
2-2: Ball
3-2: Foul Ball, location: 2F
3-2: Base on Balls
Batting: LHB Seth Riddle 0-0: Called Strike
0-1: Ball
1-1: Ball
2-1: Foul Ball, location: 2F
2-2: Ball
3-2: Fly out, F8 (Flyball, 8LD, EV 103.8 MPH)
Pitching: LHP Mendel Lefebvre
Batting: RHB Randy Connor 0-0: Called Strike
0-1: Fly out, F8 (Flyball, 8LS, EV 92.5 MPH)
Batting: RHB Geoffrey Martinez 0-0: Ball
1-0: Ground out 1-3 (Groundball, 15S, EV 66.2 MPH)
Top of the 6th over - 0 runs, 0 hits, 0 errors, 1 left on base; American Heritage HS 2 - Cullman HS 0
BOTTOM OF THE 6TH
Cullman HS Cavaliers batting - Pitching for American Heritage HS Patriots : RHP ShawnDre' Salome
Batting: LHB Chris Johnson 0-0: Foul Ball, location: 2F
0-1: Swinging Strike
0-2: Strikes out swinging
Batting: SHB Joe Harkins 0-0: Called Strike
0-1: Called Strike
0-2: Ball
1-2: Strikes out looking
Batting: RHB Donovan Canziani 0-0: Ball
1-0: Called Strike
1-1: Ball
2-1: Ball
3-1: Fly out, F6 (Popup, 6M, EV 73.8 MPH)
Bottom of the 6th over - 0 runs, 0 hits, 0 errors, 0 left on base; American Heritage HS 2 - Cullman HS 0
TOP OF THE 7TH
American Heritage HS Patriots batting - Pitching for Cullman HS Cavaliers : LHP Mendel Lefebvre
Batting: LHB Drew Kelly 0-0: Swinging Strike
0-1: Foul Ball, location: 2F
0-2: Strikes out looking
Batting: LHB Bradley Rossi 0-0: Ball
1-0: Called Strike
1-1: Swinging Strike
1-2: Strikes out looking
Batting: RHB Seth Cole 0-0: Ball
1-0: Foul Ball, location: 2F
1-1: Called Strike
1-2: Strikes out swinging
Top of the 7th over - 0 runs, 0 hits, 0 errors, 0 left on base; American Heritage HS 2 - Cullman HS 0
BOTTOM OF THE 7TH
Cullman HS Cavaliers batting - Pitching for American Heritage HS Patriots : RHP ShawnDre' Salome
Batting: RHB Trevor Trock 0-0: Ball
1-0: Swinging Strike
1-1: Fly out, F8 (Flyball, 8LM, EV 88.1 MPH)
Pitching: RHP Kylen Sutton
Pinch Hitting: LHB Chase Bezy 0-0: Foul Ball, location: 2F
0-1: Ball
1-1: SINGLE (Flyball, 78S, EV 89.4 MPH)
Batting: LHB Gregg Smith 0-0: Ball
1-0: Ball
2-0: Ball
3-0: Called Strike
3-1: Foul Ball, location: 2F
3-2: Foul Ball, location: 2F
3-2: Foul Ball, location: 2F
3-2: Foul Ball, location: 2F
3-2: Foul Ball, location: 2F
3-2: Fly out, F6 (Line Drive, 6M, EV 73.1 MPH)
Pinch Hitting: LHB Phil Whitney 0-0: Ball
1-0: Called Strike
1-1: Ball
2-1: Swinging Strike
2-2: Strikes out swinging
Bottom of the 7th over - 0 runs, 1 hit, 0 errors, 1 left on base; American Heritage HS 2 - Cullman HS 0
TOP OF THE 8TH
American Heritage HS Patriots batting - Pitching for Cullman HS Cavaliers : LHP Mendel Lefebvre
Now at 1B: Phil Whitney
Now at 3B: Isiah Dominguez
Batting: RHB Jeremy Lentz 0-0: Called Strike
0-1: Swinging Strike
0-2: Ball
1-2: Ball
2-2: Strikes out looking
Batting: RHB Avery Pelham 0-0: Ball
1-0: Fly out, F8 (Flyball, 8LM, EV 87.5 MPH)
Batting: RHB Colton Corbett 0-0: Called Strike
0-1: Foul Ball, location: 2F
0-2: Ball
1-2: Foul Ball, location: 2F
1-2: Ball
2-2: Foul Ball, location: 2F
2-2: Ball
3-2: Strikes out swinging
Top of the 8th over - 0 runs, 0 hits, 0 errors, 0 left on base; American Heritage HS 2 - Cullman HS 0
BOTTOM OF THE 8TH
Cullman HS Cavaliers batting - Pitching for American Heritage HS Patriots : RHP Kylen Sutton
Pinch Hitting: RHB Phillip Scanlon 0-0: Foul Ball, location: 2F
0-1: Foul Ball, location: 2F
0-2: SINGLE (Line Drive, 6D, EV 99.4 MPH)
Batting: LHB Clark Norrell 0-0: Foul Ball, location: 2F
0-1: Ball
1-1: Ball
2-1: Ball
3-1: Base on Balls
Phillip Scanlon to second
Pitching: RHP A.J. Imhoff
Batting: LHB Chris Johnson 0-0: Fly out, F5 (Popup, 5S, EV 79.4 MPH)
Batting: SHB Joe Harkins 0-0: Ball
1-0: Ball
2-0: Swinging Strike
2-1: Foul Ball, location: 2F
2-2: Strikes out swinging
Pinch Hitting: RHB Max Grady 0-0: Called Strike
0-1: Foul Ball, location: 2F
0-2: Ball
1-2: Strikes out swinging
Bottom of the 8th over - 0 runs, 1 hit, 0 errors, 2 left on base; American Heritage HS 2 - Cullman HS 0
TOP OF THE 9TH
American Heritage HS Patriots batting - Pitching for Cullman HS Cavaliers : LHP Mendel Lefebvre
Now at 2B: Joe Harkins
Now at SS: Kyle Yates
Now in LF: Chris Johnson
Now in RF: Phillip Scanlon
Batting: LHB Seth Riddle 0-0: Called Strike
0-1: Ball
1-1: Foul Ball, location: 2F
1-2: Foul Ball, location: 2F
1-2: Ball
2-2: Strikes out swinging
Batting: RHB Randy Connor 0-0: Ball
1-0: Ball
2-0: Fly out, F8 (Flyball, 8RD, EV 92.5 MPH)
Batting: RHB Geoffrey Martinez 0-0: Called Strike
0-1: Ball
1-1: Fly out, F4 (Popup, 34, EV 70.6 MPH)
Top of the 9th over - 0 runs, 0 hits, 0 errors, 0 left on base; American Heritage HS 2 - Cullman HS 0
BOTTOM OF THE 9TH
Cullman HS Cavaliers batting - Pitching for American Heritage HS Patriots : RHP A.J. Imhoff
Pitching: RHP T.J. Littlefield
Batting: RHB Trevor Trock 0-0: Ground out 3-1 (Groundball, 34, EV 102.5 MPH)
Pinch Hitting: RHB Carter Patton 0-0: Ball
1-0: Called Strike
1-1: Foul Ball, location: 2F
1-2: Ball
2-2: Fly out, F8 (Flyball, 8LM, EV 95.0 MPH)
Pinch Hitting: RHB Jamel McKoy 0-0: Ball
1-0: Fly out, F8 (Flyball, 8RD, EV 101.2 MPH)
Bottom of the 9th over - 0 runs, 0 hits, 0 errors, 0 left on base; American Heritage HS 2 - Cullman HS 0
Wednesday, April 17th , 2024 - OOTP Baseball 23.10 Build 110